 Dungeon Crawl Stone Soup version 0.24.0-28-g17ded55e90 (webtiles) character file.

Game seed: 10740005215830951628, levelgen mode: deterministic

3608 Nattfarinn the Archer (level 9, -8/79 HPs)
             Began as a Centaur Hunter on Nov 11, 2019.
             Was a Believer of Okawaru.
             Mangled by a vampire (9 damage)
             ... on level 8 of the Dungeon.
             The game lasted 00:27:29 (8861 turns).

Nattfarinn the Archer (Centaur Hunter)              Turns: 8861, Time: 00:27:29

Health: -8/79      AC:  5    Str: 19    XL:     9   Next: 86%
Magic:  9/9        EV:  9    Int: 10    God:    Okawaru [**....]
Gold:   412        SH:  0    Dex: 14    Spells: 8/8 levels left

rFire    + + .     SeeInvis .   a - +2 dagger (elec)
rCold    x . .     Gourm    .   (no shield)
rNeg     . . .     Faith    .   c - +0 leather armour
rPois    .         Spirit   .   (no helmet)
rElec    .         Reflect  .   (no cloak)
rCorr    .         Harm     .   A - +0 pair of gloves
MR       .....                  (no barding)
Stlth    +.........             (no amulet)
HPRegen  0.23/turn              E - ring of fire
MPRegen  0.11/turn              h - ring of protection from fire

@: mighty, very quick
A: large, hooves 3, deformed body, speed 2, tough skin 3
a: Heroism, Renounce Religion


You were on level 8 of the Dungeon.
You worshipped Okawaru.
Okawaru was pleased with you.
You were not hungry.

You visited 2 branches of the dungeon, and saw 10 of its levels.

You collected 412 gold pieces.

Inventory:

Hand Weapons
 a - a +2 dagger of electrocution (weapon)
 b - a +1 shortbow
 l - a +0 spear
Missiles
 d - 93 arrows
 e - 36 bolts
 v - a silver javelin (quivered)
Armour
 c - a +0 leather armour (worn)
 A - a +0 pair of gloves (worn)
Magical Staves
 t - an uncursed staff of air
Jewellery
 h - a ring of protection from fire (right hand)
 E - a ring of fire (left hand)
Wands
 k - a wand of random effects (16)
 p - a wand of polymorph (5)
 B - a wand of enslavement (11)
Scrolls
 i - a scroll of teleportation
 n - a scroll of silence
 x - a scroll of magic mapping
 y - a scroll of fog
 C - a scroll of enchant armour {unknown}
Potions
 g - a potion of degeneration {unknown}
 j - 3 potions of might
 m - 2 potions of brilliance
 o - a potion of magic {unknown}
 q - a potion of curing
 s - a potion of berserk rage {unknown}
 u - 2 potions of resistance
 w - 3 potions of agility {unknown}
 z - 2 potions of heal wounds {unknown}
Comestibles
 f - 14 rations


   Skills:
 + Level 7.3 Fighting
 * Level 8.8 Short Blades
 - Level 2.1 Polearms
 + Level 10.6 Bows
 - Level 1.3 Dodging
 - Level 0.4 Stealth
 - Level 1.0 Unarmed Combat


You had 8 spell levels left.
You didn't know any spells.
Your spell library contained the following spells:

 Spells                   Type           Power        Failure   Level  Hunger
 Summon Butterflies       Summ           #.......     41%         1    ##.....
 Call Canine Familiar     Summ           #.......     80%         3    ####...
 Summon Ice Beast         Ice/Summ       #.......     99%         4    #####..
 Summon Mana Viper        Hex/Summ       #.......     100%        5    ######.
 Summon Hydra             Summ           #.........   100%        7    #######


Dungeon Overview and Level Annotations

Branches:
Dungeon (9/15)             Temple (1/1) D:5
   Lair: D:8-11         Orc: D:9-12

Altars:
Ashenzari
Cheibriados
Dithmenos
Elyvilon
Fedhas
Gozag
Hepliaklqana
Kikubaaqudgha
Makhleb
Nemelex Xobeh
Okawaru
Qazlal
Ru
Sif Muna
Trog
Uskayaw
Vehumet
Wu Jian
Xom
Yredelemnul
Zin
The Shining One

Annotations:
D:6 3 runed translucent doors, AlterAsc's ghost, novice OpTm


Innate Abilities, Weirdness & Mutations

You have hooves in place of feet.
Armour fits poorly on your strangely shaped body.
You cover ground very quickly.
You have extremely tough skin. (AC +3)


Message History

Something draws strength from your injuries!
You're too confused to move!
Something hits you. Something bites you!
Something draws strength from your injuries!
Something hits you! Something bites you!
* * * LOW HITPOINT WARNING * * *
Something draws strength from your injuries!
You feel better. Something hits you!
* * * LOW HITPOINT WARNING * * *
Something bites you.
* * * LOW HITPOINT WARNING * * *
Something draws strength from your injuries!
You feel very mighty all of a sudden. Something hits you.
* * * LOW HITPOINT WARNING * * *
Something bites you.
* * * LOW HITPOINT WARNING * * *
Something draws strength from your injuries!
You hit something but do no damage. You hit something.
Something hits you but does no damage. Something bites you!
You die...

#....#.[....#
#..#.#..#
#....########
#..#.##.#
#.....##
###.#....#
###....#
#.....####
#....# #.#...#
#....#
####.##..#
#....#
#....##..######
#....#
#.######.#....#
###'##
#.##.@..>#.##.#
#.#
#.##.#####.##.#
#.#
#.##.....#.##.#
#.#
#.#####.##....#
#.#
##.#####....####
#.#
#.^..[......#
#.#
#############
#.# #.#


There were no monsters in sight!

Vanquished Creatures
  A two-headed ogre (D:7)
  A hippogriff (D:7)
  A hungry ghost (D:7)
  Edmund (D:3)
  A black bear (D:7)
  3 phantoms (D:6)
  An ice beast (D:5)
  An ogre (D:4)
  A big kobold (D:7)
  2 centaurs
  3 bullfrogs
  A scorpion (D:4)
  3 wights (D:6)
  A howler monkey (D:7)
  4 crimson imps
  A quasit (D:5)
  2 centaur skeletons
  A gnoll shaman (D:8)
  2 jellies
  4 orc priests
  7 orc wizards
  2 bullfrog skeletons
  4 iguanas
  Jessica (D:3)
  Natasha (thrice) (D:3)
  3 worker ants
  Terence (D:3)
  A killer bee zombie (D:7)
  A hound skeleton (D:5)
  5 gnolls (D:8)
  12 adders
  2 shadow imps
  5 oozes
  2 adder skeletons
  3 worms
  3 dart slugs
  2 leopard geckos
  29 orcs
  7 giant cockroaches
  14 goblins
  8 hobgoblins
  21 jackals
  2 quokkas
  4 ball pythons
  6 bats
  4 frilled lizards
  12 kobolds
  A leopard gecko skeleton (D:4)
  A leopard gecko zombie (D:5)
  5 rats
206 creatures vanquished.

Notes
Turn   | Place    | Note
-------+----------+-------------------------------------------
     0 | D:1      | Nattfarinn the Centaur Hunter began the quest for the Orb.
     0 | D:1      | Reached XP level 1. HP: 17/17 MP: 1/1
    32 | D:1      | Reached skill level 1 in Unarmed Combat
   249 | D:1      | Reached XP level 2. HP: 24/24 MP: 2/2
   489 | D:1      | Reached skill level 1 in Polearms
   496 | D:1      | Reached XP level 3. HP: 30/30 MP: 3/3
   878 | D:2      | Found a shattered altar of Ashenzari.
   916 | D:2      | Reached XP level 4. HP: 36/37 MP: 4/4
  1102 | D:2      | Reached skill level 6 in Bows
  1294 | D:3      | Noticed Terence
  1307 | D:2      | Reached skill level 1 in Short Blades
  1877 | D:3      | Reached XP level 5. HP: 45/45 MP: 5/5
  1986 | D:3      | Found a faded altar of an unknown god.
  1989 | D:3      | Noticed Jessica
  1994 | D:3      | Killed Jessica
  2259 | D:3      | Killed Terence
  2477 | D:3      | Noticed Natasha
  2486 | D:3      | Killed Natasha
  2486 | D:3      | Reached XP level 6. HP: 47/51 MP: 6/6
  2600 | D:3      | Noticed Natasha
  2612 | D:3      | Killed Natasha
  2788 | D:3      | Noticed Natasha
  2789 | D:3      | Killed Natasha
  2821 | D:4      | Noticed Edmund
  3413 | D:3      | Killed Edmund
  3413 | D:3      | Reached skill level 7 in Bows
  3560 | D:3      | Reached XP level 7. HP: 53/59 MP: 7/7
  4541 | D:4      | Reached skill level 5 in Short Blades
  4768 | D:4      | Reached skill level 8 in Bows
  4901 | D:5      | Entered Level 5 of the Dungeon
  5033 | D:5      | Reached XP level 8. HP: 59/67 MP: 8/8
  5082 | D:5      | Reached skill level 5 in Fighting
  5211 | D:5      | Found a hide-covered altar of Uskayaw.
  5331 | D:5      | Found a staircase to the Ecumenical Temple.
  5682 | Temple   | Entered the Ecumenical Temple
  5787 | Temple   | Became a worshipper of Warmaster Okawaru
  5957 | D:6      | Found a runed translucent gate.
  5957 | D:6      | Found a runed translucent gate.
  5958 | D:6      | Found a runed translucent gate.
  5959 | D:6      | Noticed AlterAsc's ghost (novice OpTm)
  6270 | D:6      | Reached skill level 9 in Bows
  6427 | D:6      | Found a sacrificial altar of Ru.
  6478 | D:6      | Reached * piety under Okawaru
  7018 | D:7      | Reached XP level 9. HP: 75/75 MP: 9/9
  7218 | D:7      | Noticed a two-headed ogre
  7229 | D:7      | Killed a two-headed ogre
  7229 | D:7      | Reached ** piety under Okawaru
  7229 | D:7      | Reached skill level 10 in Bows
  8654 | D:8      | Found a sparkling altar of Nemelex Xobeh.
  8858 | D:8      | HP: 1/79 [something (4)]
  8861 | D:8      | Mangled by a vampire

Levels and vault maps discovered:
D:1:      ncdulo_lavacross, layout_basic
D:2:      layout_loops_ring, ashenzari_conservatory_becter
D:3:      layout_rooms, chequers_ecumenical_altar_island, uniq_jessica,
          uniq_terence, uniq_natasha
D:4:      layout_basic, first_ration, uniq_edmund
D:5:      layout_gridville, minmay_temple_entry_waves, basic_altar
D:6:      layout_cave_pools, basic_altar, ebering_ghost_rock_garden
D:7:      layout_basic
D:8:      layout_basic, basic_altar
D:9:      layout_roguey, david_orc_3, serial_shops, shop
Temple:   kilobyte_greek_temple

Skill      XL: |  1  2  3  4  5  6  7  8  9 |
---------------+----------------------------+-----
Unarmed Combat | 1 |  1.0
Polearms       | 1 2 |  2.1
Bows           | 6 7 8 9 10 | 10.6
Fighting       | 3 4 6 7 |  7.3
Short Blades   | 1 2 3 5 7 8 |  8.8
Dodging        | |  1.3
Stealth        | |  0.4

Action                   |  1- 3 |  4- 6 |  7- 9 || total
-------------------------+-------+-------+-------++-------
Melee: Unarmed           |    12 |       |       ||    12
       Spear             |     6 |     3 |       ||     9
       Kick              |    12 |    18 |    60 ||    90
       Short sword       |     1 |       |       ||     1
       Dagger            |    82 |   112 |   314 ||   508
 Fire: Shortbow          |     1 |   128 |   124 ||   253
Throw: Javelin           |     3 |       |    41 ||    44
Invok: Heroism           |       |       |     1 ||     1
  Use: Scroll            |     2 |     2 |    11 ||    15
       Potion            |       |     1 |     4 ||     5
  Eat: Chunk             |       |     6 |    13 ||    19
       Ration            |       |       |     1 ||     1
Armor: Leather armour    |    56 |    37 |    72 ||   165
Dodge: Dodged            |    35 |    66 |   101 ||   202
